 Dungeon Crawl Stone Soup version 0.29-a0-911-g88e6f02907 (webtiles) character file.

Game seed: 571152446072587769

156 quixfox the Digger (level 5, 0/28 HPs)
             Began as a Gargoyle Earth Elementalist on July 25, 2022.
             Slain by a phantom (5 damage)
             ... on level 4 of the Dungeon.
             The game lasted 00:04:49 (2602 turns).

quixfox the Digger (Gargoyle Earth Elementalist)    Turns: 2602, Time: 00:04:50

Health: 0/28       AC:  7    Str: 12    XL:     5   Next: 37%
Magic:  7/10       EV: 11    Int: 17    God:
Gold:   183        SH:  0    Dex: 10    Spells: 4/10 levels left

rFire   + . .      SeeInvis .   c - +0 dagger
rCold   . . .      Faith    .   (no shield)
rNeg    + . .      Spirit   .   a - +1 robe
rPois   ∞          Reflect  .   (no helmet)
rElec   +          Harm     .   (no cloak)
rCorr   .          Rampage  .   (no gloves)
Will    .....                   (no boots)
Stlth   ++........              (no amulet)
HPRegen 0.09/turn               g - ring of protection from fire
MPRegen 0.12/turn               i - ring of wizardry

@: no status effects
A: sickness immunity, AC +4, negative energy resistance 1, electricity
resistance, torment resistance 1, petrification resistance
a: no special abilities


You were on level 4 of the Dungeon.
You visited 1 branch of the dungeon, and saw 4 of its levels.

You collected 183 gold pieces.

Inventory:

Hand Weapons
 c - a +0 dagger (weapon)
Armour
 a - a +1 robe (worn)
Jewellery
 g - a ring of protection from fire (left hand)
 i - a ring of wizardry (right hand)
Wands
 k - a wand of digging (7)
Scrolls
 d - 4 scrolls of teleportation
 f - 2 scrolls of identify
Potions
 b - a potion of magic
 e - 3 potions of curing
 h - a potion of might {unknown}
 j - 2 potions of heal wounds {unknown}
 l - a potion of flight {unknown}
 n - a potion of ambrosia {unknown}


   Skills:
 - Level 1.5 Dodging
 - Level 2.1 Stealth
 + Level 3.4 Spellcasting
 + Level 2.2 Conjurations
 - Level 0.7 Transmutations
 + Level 5.2 Earth Magic


You had 4 spell levels left.
You knew the following spells:

 Your Spells              Type           Power      Damage    Failure   Level
a - Sandblast             Erth           40%        2d10      1%          1
b - Passwall              Tmut/Erth      10%        N/A       3%          2
c - Stone Arrow           Conj/Erth      30%        3d8       4%          3

Your spell library contained the following spells:

 Spells                   Type           Power      Damage    Failure   Level
 Petrify                  Tmut/Erth      13%        N/A       19%         4
 Olgreb's Toxic Radiance  Pois           2%         N/A       52%         4
 Ozocubu's Refrigeration  Ice            1%         4d5       100%        7
 Ignition                 Fire           1%         3d3       100%        8


Dungeon Overview and Level Annotations

Branches:
Dungeon (4/15)
 Temple: D:4-7

Altars:
Nemelex Xobeh
Xom

Portals:
Ossuary: D:4


Innate Abilities, Weirdness & Mutations

You are immune to sickness and miasma.
Your stone body is resilient. (AC +4)
You are immune to poison.
You resist negative energy. (rN+)
You are resistant to electric shocks. (rElec)
You are resistant to unholy torment.
You are immune to petrification.


Message History

The phantom hits you but does no damage.
The phantom barely misses you.
You hit the phantom but do no damage.
The phantom is severely damaged.
The phantom hits you.
* * * LOW HITPOINT WARNING * * *
The phantom blinks!
You blink.
A gnoll comes into view. It is wielding a +0 whip.
You feel better. The phantom hits you.
* * * LOW HITPOINT WARNING * * *
The phantom blinks!
You blink.
You don't have enough magic to cast this spell.
Magic courses through your body.
The phantom hits you but does no damage.
Aiming: Sandblast (safe; 1% risk of failure)
Press: ? - help, Q - select action, (/) - cycle Shift-Dir - straight line, f/p - phantom
Aim: a phantom (severely damaged, 73% to hit)
The blast of sand hits the phantom.
The phantom is almost destroyed.
The phantom barely misses you.
The phantom hits you but does no damage.
Aiming: Sandblast (safe; 1% risk of failure)
Press: ? - help, Q - select action, (/) - cycle Shift-Dir - straight line, f/p - phantom
Aim: a phantom (almost destroyed, 73% to hit)
The blast of sand misses the phantom.
The phantom hits you but does no damage. x2
Aiming: Sandblast (safe; 1% risk of failure)
Press: ? - help, Q - select action, (/) - cycle Shift-Dir - straight line, f/p - phantom
Aim: a phantom (almost destroyed, 73% to hit)
The blast of sand hits the phantom but does no damage.
The phantom is almost destroyed.
The phantom closely misses you.
The phantom hits you but does no damage.
Aiming: Sandblast (safe; 1% risk of failure)
Press: ? - help, Q - select action, (/) - cycle Shift-Dir - straight line, f/p - phantom
Aim: a phantom (almost destroyed, 73% to hit)
The blast of sand hits the phantom.
The phantom is almost destroyed.
The phantom closely misses you. The phantom hits you.
You die...

##################
........#........#
........#........#
........#........#
.......§##.@W#
##+####.....##...#
##...)#.)....#.....#
#.....)).....#.....#
#....###.###.'.....#
#)...# #.# #.#.....#
####.# #.# #.#.....#
##...# ... #.##...##
.....# .∩. #.#


You could see a phantom.

Vanquished Creatures
  An orc priest (D:4)
  Terence (D:3)
  A gnoll (D:1)
  An adder (D:3)
  2 dart slugs
  5 orcs (D:4)
  2 ball pythons (D:2)
  8 bats
  An endoplasm (D:4)
  13 giant cockroaches
  6 goblins
  6 hobgoblins
  6 kobolds
  2 quokkas
  5 frilled lizards
  A quokka zombie (D:4)
  4 rats
  A rat zombie (D:4)
66 creatures vanquished.

Notes
Turn   | Place    | Note
-------+----------+-------------------------------------------
     0 | D:1      | quixfox the Gargoyle Earth Elementalist began the quest for
                  | the Orb.
     0 | D:1      | Reached XP level 1. HP: 10/10 MP: 3/3
   305 | D:1      | Reached skill level 4 in Earth Magic
   305 | D:1      | Reached XP level 2. HP: 13/15 MP: 1/5
   530 | D:1      | Found a faded altar of an unknown god.
   639 | D:1      | Reached XP level 3. HP: 19/19 MP: 4/6
   642 | D:1      | Learned a level 2 spell: Passwall
   646 | D:1      | Learned a level 3 spell: Stone Arrow
  1759 | D:3      | Found a shimmering altar of Xom.
  1791 | D:3      | Reached skill level 1 in Conjurations
  1866 | D:3      | Reached XP level 4. HP: 24/24 MP: 2/8
  2137 | D:3      | Noticed Terence
  2141 | D:3      | Killed Terence
  2142 | D:3      | Reached skill level 5 in Earth Magic
  2497 | D:4      | Noticed a black bear
  2517 | D:4      | Found a sparkling altar of Nemelex Xobeh.
  2547 | D:4      | Reached XP level 5. HP: 28/28 MP: 7/9
  2562 | D:4      | Found a sand-covered staircase.
  2576 | D:4      | Noticed a phantom
  2602 | D:4      | Slain by a phantom

Illustrated notes

Levels and vault maps discovered:
D:1:      lightli_arrival_noodles, layout_basic, ebering_ecumenical_altar_hall
D:2:      layout_loops_cross
D:3:      minmay_roachtagon, layout_basic, lemuel_tele_altar, uniq_terence
D:4:      layout_gridville, nemelex_dance_club_becter, enter_ossuary_4

Skill      XL: |  1  2  3  4  5 |
---------------+----------------+-----
Earth Magic    | 4 5 |  5.2
Conjurations   | 1 2 |  2.2
Spellcasting   | 3 |  3.4
Dodging        | |  1.5
Stealth        | |  2.1
Transmutations | |  0.7

Action                   |  1- 3 |  4- 6 || total
-------------------------+-------+-------++-------
Melee: Dagger            |       |    16 ||    16
 Cast: Sandblast         |    51 |    48 ||    99
  Use: Scroll            |       |     4 ||     4
       Potion            |       |     2 ||     2
Armor: Robe              |    16 |    25 ||    41
Dodge: Dodged            |    21 |    25 ||    46

Table legend: (Time is in decaauts)
 A = Elapsed time spent in this place.
 B = Non-inter-level travel time spent in this place.
 C = Inter-level travel time spent in this place.
 D = Time resting spent in this place.
 E = Time spent auto-exploring this place.
 F = Levels seen in this place.
 G = Mean time per level.
                   A        B        C        D        E       F      G
               +--------+--------+--------+--------+--------+-----+--------+
         Total |   2698 |   2548 |    150 |     97 |   1960 |   4 |  674.5 |
       Dungeon |   2698 |   2548 |    150 |     97 |   1960 |   4 |  674.5 |
               +--------+--------+--------+--------+--------+-----+--------+

Top non-repeatable levels by time:
     D:1: 1046 daAuts
     D:3: 789 daAuts
     D:2: 706 daAuts
     D:4: 156 daAuts
